 Dungeon Crawl Stone Soup version 0.30-a0-760-g5a9884bb7c (webtiles) character file.

Game seed: 9766485595680480084

17954 funkygono the Thaumaturge (level 12, -1/60 HPs)
             Began as a Gargoyle Fire Elementalist on Feb 11, 2023.
             Was an Elder of Vehumet.
             Slain by a four-headed hydra (12 damage)
             ... on level 4 of the Lair of Beasts.
             The game lasted 00:20:25 (10290 turns).

funkygono the Thaumaturge (GrFE)                   Turns: 10290, Time: 00:20:25

Health: -1/60      AC: 23    Str: 12    XL:     12   Next: 53%
Magic:  34/37      EV: 12    Int: 21    God:    Vehumet [****..]
Gold:   713        SH:  0    Dex: 10    Spells: 10/35 levels left

rFire   + . .      SeeInvis .    s - staff of fire
rCold   . . .      Faith    .    (no shield)
rNeg    + . .      Spirit   .    D - +1 steam dragon scales
rPois   ∞          Reflect  .    C - +1 helmet
rElec   +          Harm     .    (no cloak)
rCorr   .          Rampage  .    (no gloves)
Will    .....                    z - +2 pair of boots
Stlth   ++                       g - amulet of magic regeneration
HPRegen 0.30/turn                K - ring of magical power
MPRegen 0.65/turn                p - +4 ring of protection

@: no status effects
A: sickness immunity, AC +8, negative energy resistance 1, electricity
resistance, torment resistance 1, petrification resistance
a: Renounce Religion


You were on level 4 of the Lair of Beasts.
You worshipped Vehumet.
Vehumet was greatly pleased with you.
You visited 3 branches of the dungeon, and saw 15 of its levels.

You collected 713 gold pieces.

Inventory:

Hand Weapons
 h - a +1 whip of protection
 w - a +0 whip of electrocution
 B - a +0 flail of venom
Armour
 x - a +1 leather armour of fire resistance
 z - a +2 pair of boots (worn)
 C - a +1 helmet (worn)
 D - +1 steam dragon scales (worn)
Magical Staves
 s - a staff of fire (weapon)
Jewellery
 f - an amulet of faith
 g - an amulet of magic regeneration (around neck)
 m - a ring of protection from cold
 p - a +4 ring of protection (right hand)
 K - a ring of magical power (left hand)
Wands
 c - a wand of flame (9)
 E - a wand of charming (12)
Scrolls
 a - a scroll of fog
 i - a scroll of blinking
 l - a scroll of identify
 q - 2 scrolls of poison
 r - 3 scrolls of immolation
 v - a scroll of teleportation
 y - a scroll of amnesia
 I - a scroll of brand weapon
 L - 2 scrolls of magic mapping
Potions
 b - 3 potions of magic
 d - 6 potions of curing
 e - 2 potions of cancellation
 j - 2 potions of might
 k - 4 potions of haste
 n - 3 potions of heal wounds
 t - 4 potions of flight
 F - a potion of invisibility
Miscellaneous
 u - a lightning rod (4/4)


   Skills:
 + Level 0.7 Fighting
 + Level 2.4 Dodging
 - Level 2.1 Stealth
 + Level 12.3 Spellcasting
 + Level 8.2 Conjurations
 + Level 11.5 Fire Magic
 + Level 7.4 Poison Magic


You had 10 spell levels left.
You knew the following spells:

 Your Spells              Type           Power      Damage    Failure   Level
a - Foxfire               Conj/Fire      100%       2x1d9     1%          1
b - Scorch                Fire           100%       2d10      1%          2
c - Kindle Blastsparks    Fire/Tloc/Air  86%        2d17      1%          3
d - Flame Wave            Conj/Fire      69%        2d16      1%          4
e - Kiss of Death         Conj/Necr      100%       2d13      1%          1
f - Olgreb's Toxic Radia  Pois           44%        N/A       1%          4
g - Searing Ray           Conj           94%        2d7       1%          2
h - Momentum Strike       Conj/Tloc      60%        3d9       1%          2
i - Starburst             Conj/Fire      34%        6d10      4%          6

Your spell library contained the following spells:

 Spells                   Type           Power      Damage    Failure   Level
 Sticky Flame             Conj/Fire      69%        2d8       1%          4
 Dazzling Flash           Conj/Hex       60%        N/A       1%          3
 Inner Flame              Hex/Fire       54%        N/A       1%          3
 Iskenderun's Battlesphe  Conj           47%        2d10      1%          5
 Iskenderun's Mystic Bla  Conj/Tloc      30%        2d8       2%          4
 Apportation              Tloc           24%        N/A       4%          1
 Necrotise                Necr           48%        1d6       4%          1
 Summon Small Mammal      Summ           48%        N/A       4%          1
 Lesser Beckoning         Tloc           24%        N/A       8%          2
 Confusing Touch          Hex            12%        N/A       16%         3
 Gell's Gravitas          Tloc           12%        N/A       16%         3
 Teleport Other           Tloc           12%        N/A       16%         3
 Iron Shot                Conj/Erth      15%        9d4       34%         6
 Dispel Undead            Necr           12%        3d9       45%         4
 Ignition                 Fire           37%        3d11      56%         8
 Spellforged Servitor     Conj/Summ      15%        N/A       86%         7
 Ozocubu's Refrigeration  Ice            6%         4d8       100%        7


Dungeon Overview and Level Annotations

Branches:
Dungeon (10/15)            Temple (1/1) D:5            Lair (4/5) D:9
  Swamp (0/4) Lair:3       Spider (0/4) Lair:3
  Slime: Lair:4-5       Orc: D:9-12

Altars:
Cheibriados
Dithmenos
Elyvilon
Fedhas
Gozag
Hepliaklqana
Kikubaaqudgha
Makhleb
Nemelex Xobeh
Okawaru
Qazlal
Ru
Sif Muna
Trog
Uskayaw
Vehumet
Wu Jian
Xom
Yredelemnul
Zin
The Shining One

Shops:
D:2 ?   D:3 :   D:6 [   D:7 (   D:8 *

Annotations:
D:7 3 runed translucent doors, MCDelver's ghost, novice OpFE
D:9 exclusion: orange crystal statue


Innate Abilities, Weirdness & Mutations

You are immune to sickness and miasma.
Your stone body is resilient. (AC +8)
You are immune to poison.
You resist negative energy. (rN+)
You are resistant to electric shocks. (rElec)
You are resistant to unholy torment.
You are immune to petrification.


Message History

You begin to radiate toxic energy.
You kill the elephant!
Vehumet accepts your kill.
The elephant looks as sick as possible! x2
The elephant looks as sick as possible!
Your toxic aura wanes.
Found a tin of tremorstones (2/2), a peridot ring and 12 gold pieces.
The four-headed hydra bites you!
The four-headed hydra bites you but does no damage.
The four-headed hydra bites you! The four-headed hydra misses you.
The four-headed hydra attacks as you move away!
The four-headed hydra closely misses you.
The four-headed hydra bites you!
* * * LOW HITPOINT WARNING * * *
The four-headed hydra bites you but does no damage. x2
Casting: Olgreb's Toxic Radiance (dangerous; 1% risk of failure)
Confirm with . or Enter, or press ? or * to list all spells.
Casting: Flame Wave (safe; 1% risk of failure)
Press: ? - help, Dir - look around, f - activate You feel a surge of power!
A wave of flame ripples out!
The flame wave engulfs the four-headed hydra!
The four-headed hydra is moderately wounded. (Press . to intensify the flame waves.)
The four-headed hydra bites you but does no damage.
The four-headed hydra misses you.
The four-headed hydra closely misses you.
The four-headed hydra bites you but does no damage.
Unknown command.
A wave of flame ripples out!
The flame wave engulfs the four-headed hydra!
The four-headed hydra is heavily wounded.
The flame wave engulfs the elephant!!
You kill the elephant!
Vehumet accepts your kill.
You feel your power returning.
The four-headed hydra bites you but does no damage. x2
The four-headed hydra bites you.
* * * LOW HITPOINT WARNING * * *
The four-headed hydra bites you!
You die...

..............#....
..........#....##..
.........##........
...............##..
.......P##.....P...
.....#...##........
###....Y.†.....###.
##.######.#########
######....P†D@...#
#..##P......##....#
#..#...##....#....#
####..##.######.###..#
......##†##..}....#....
......#†.##=....#.#
###.
........†.####$#....
......##†....###....#
.......#.....#....###


You could see a four-headed hydra.

Vanquished Creatures
  2 anacondas (Lair:4)
  3 hydras
  2 two-headed ogres
  A lindwurm (Lair:3)
  5 black mambas
  3 elephants (Lair:4)
  5 rime drakes
  4 cane toads
  5 komodo dragons
  2 hornets
  2 jumping spiders (Lair:3)
  A shadow (D:5)
  14 yaks
  3 wyverns
  A basilisk (Lair:2)
  A redback (Lair:3)
  2 steam dragons (D:8)
  10 water moccasins
  A sky beast (D:8)
  An orc warrior (D:5)
  3 black bears
  An ogre (D:7)
  2 kobold brigands
  6 bullfrogs
  A necrophage (D:7)
  7 wights
  A scorpion (D:6)
  5 killer bees (D:9)
  3 jellies
  2 hounds
  An orc priest (D:4)
  A gnoll bouda (D:5)
  8 orc wizards
  2 hell rats (Lair:3)
  5 gnolls
  8 adders
  9 river rats (Lair:3)
  A white imp (D:8)
  A worm (D:2)
  2 dart slugs
  17 orcs
  3 endoplasms
  2 giant cockroaches (D:4)
  10 hobgoblins
  4 quokkas
  8 ball pythons
  4 bats
  4 frilled lizards
  12 goblins
  16 kobolds
  6 rats
  A bush (Lair:2)
  A butterfly (Lair:1)
225 creatures vanquished.

Vanquished Creatures (collateral kills)
  13 foxfires
13 creatures vanquished.

Vanquished Creatures (others)
  A human (D:8)
  792 foxfires
  27 fungi
  46 plants
866 creatures vanquished.

Grand Total: 1104 creatures vanquished

Notes
Turn   | Place    | Note
-------+----------+-------------------------------------------
     0 | D:1      | funkygono the Gargoyle Fire Elementalist began the quest
                  | for the Orb.
     0 | D:1      | Reached XP level 1. HP: 10/10 MP: 3/3
   522 | D:1      | Reached XP level 2. HP: 15/15 MP: 5/5
   525 | D:1      | Learned a level 2 spell: Scorch
   777 | D:1      | Reached XP level 3. HP: 19/19 MP: 1/6
   783 | D:1      | Learned a level 3 spell: Kindle Blastsparks
  1192 | D:2      | Found Ubirph's Magic Scroll Boutique.
  1360 | D:2      | Found a glowing silver altar of Zin.
  1758 | D:3      | Reached XP level 4. HP: 24/24 MP: 5/8
  1923 | D:3      | Found Etroz's Book Emporium.
  2284 | D:4      | Reached skill level 3 in Spellcasting
  2365 | D:4      | Reached XP level 5. HP: 28/28 MP: 9/9
  2370 | D:4      | Learned a level 4 spell: Flame Wave
  2441 | D:4      | Found a hide-covered altar of Uskayaw.
  2462 | D:4      | Found a shimmering altar of Xom.
  2856 | D:4      | Reached XP level 6. HP: 12/32 MP: 0/11
  3100 | D:5      | Entered Level 5 of the Dungeon
  3310 | D:5      | Noticed a black bear
  3323 | D:5      | Killed a black bear
  3324 | D:5      | Reached skill level 4 in Spellcasting
  3324 | D:5      | Reached skill level 5 in Fire Magic
  3353 | D:5      | Found a staircase to the Ecumenical Temple.
  3361 | Temple   | Entered the Ecumenical Temple
  3361 | Temple   | Found a transporter.
  3361 | Temple   | Found a transporter.
  3363 | Temple   | Found a transporter.
  3363 | Temple   | Found a transporter.
  3380 | Temple   | Became a worshipper of Vehumet
  3432 | D:5      | Noticed a shadow
  3440 | D:5      | Killed a shadow
  3441 | D:5      | Reached XP level 7. HP: 36/36 MP: 7/13
  3736 | D:5      | Reached skill level 5 in Spellcasting
  4017 | D:5      | Reached * piety under Vehumet
  4017 | D:5      | Offered knowledge of Kiss of Death by Vehumet.
  4018 | D:5      | Reached XP level 8. HP: 38/41 MP: 9/16
  4020 | D:5      | Learned a level 1 spell: Kiss of Death
  4222 | D:6      | Found a bloodstained altar of Trog.
  4267 | D:6      | Reached skill level 6 in Spellcasting
  4316 | D:6      | Reached skill level 5 in Conjurations
  4387 | D:6      | Found an opulent altar of Gozag.
  4389 | D:6      | Found a shadowy altar of Dithmenos.
  4403 | D:6      | Found an iron altar of Okawaru.
  4579 | D:6      | Found Viqiar's Armour Boutique.
  4806 | D:6      | Learned a level 4 spell: Olgreb's Toxic Radiance
  4894 | D:7      | Found Qurovokk's Weapon Shoppe.
  4908 | D:7      | Found a runed translucent gate.
  4909 | D:7      | Found a runed translucent gate.
  4910 | D:7      | Found a runed translucent gate.
  5023 | D:7      | Found a burning altar of Makhleb.
  5131 | D:7      | Found an opulent altar of Gozag.
  5134 | D:7      | Noticed MCDelver's ghost (novice OpFE)
  5134 | D:7      | Noticed a slime creature
  5135 | D:7      | Noticed a five-headed hydra
  5307 | D:8      | Noticed a yak
  5307 | D:8      | Noticed a yak
  5309 | D:8      | Noticed a yak
  5311 | D:8      | Noticed a yak
  5312 | D:8      | Reached skill level 1 in Poison Magic
  5317 | D:8      | Killed a yak
  5317 | D:8      | Noticed a yak
  5318 | D:8      | Reached skill level 7 in Spellcasting
  5318 | D:8      | Reached XP level 9. HP: 30/45 MP: 11/19
  5428 | D:8      | Found an ancient bone altar of Kikubaaqudgha.
  5469 | D:8      | Found a basalt altar of Yredelemnul.
  5540 | D:8      | Found Qyaputza's Gadget Gallery.
  5548 | D:8      | Reached ** piety under Vehumet
  5584 | D:8      | Noticed a two-headed ogre
  5593 | D:8      | Killed a two-headed ogre
  5594 | D:8      | Reached skill level 8 in Spellcasting
  5697 | D:8      | Offered knowledge of Searing Ray by Vehumet.
  5701 | D:8      | Learned a level 2 spell: Searing Ray
  5853 | D:8      | Reached XP level 10. HP: 50/50 MP: 22/22
  6413 | D:6      | Found a glowing silver altar of Zin.
  6413 | D:6      | Found a shimmering blue altar of Sif Muna.
  6417 | D:6      | Found a snail-covered altar of Cheibriados.
  6540 | D:9      | Found a staircase to the Lair.
  6589 | D:9      | Noticed a two-headed ogre
  6597 | D:9      | Killed a two-headed ogre
  6755 | D:9      | Identified the +1 trident "Heiwn" {venom, rC+ Int+3 SInv}
  6874 | D:9      | You fall into a shaft and drop 1 floor!
  6874 | D:10     | Entered Level 10 of the Dungeon
  7105 | D:9      | Noticed an orange crystal statue
  7269 | Lair:1   | Entered Level 1 of the Lair of Beasts
  7289 | Lair:1   | Noticed a cane toad
  7296 | Lair:1   | Killed a cane toad
  7297 | Lair:1   | Reached skill level 9 in Spellcasting
  7565 | Lair:1   | Reached skill level 5 in Poison Magic
  8116 | Lair:2   | Offered knowledge of Momentum Strike by Vehumet.
  8117 | Lair:2   | Reached XP level 11. HP: 54/54 MP: 23/24
  8209 | Lair:2   | Reached skill level 10 in Spellcasting
  8223 | Lair:2   | Reached skill level 10 in Fire Magic
  8307 | Lair:2   | Reached *** piety under Vehumet
  8576 | Lair:2   | Noticed a six-headed hydra
  8583 | Lair:2   | Killed a six-headed hydra
  8765 | Lair:2   | Noticed a six-headed hydra
  8773 | Lair:2   | Killed a six-headed hydra
  8996 | Lair:2   | Learned a level 2 spell: Momentum Strike
  9060 | Lair:3   | Found a hole to the Spider Nest.
  9083 | Lair:3   | Reached skill level 11 in Spellcasting
  9187 | Lair:3   | Noticed a lindwurm
  9196 | Lair:3   | Killed a lindwurm
  9260 | Lair:3   | Offered knowledge of Frozen Ramparts by Vehumet.
  9324 | Lair:3   | Noticed a five-headed hydra
  9333 | Lair:3   | Killed a five-headed hydra
  9334 | Lair:3   | Reached XP level 12. HP: 54/60 MP: 27/27
  9666 | Lair:3   | Found a staircase to the Swamp.
 10049 | Lair:3   | Learned a level 6 spell: Starburst
 10081 | Lair:4   | Reached **** piety under Vehumet
 10089 | Lair:4   | Offered knowledge of Sticky Flame by Vehumet.
 10090 | Lair:4   | Reached skill level 12 in Spellcasting
 10097 | Lair:4   | Noticed an anaconda
 10098 | Lair:4   | Noticed an anaconda
 10104 | Lair:4   | HP: 2/60 [anaconda (6)]
 10106 | Lair:4   | Killed an anaconda
 10107 | Lair:4   | Killed an anaconda
 10257 | Lair:4   | Noticed a four-headed hydra
 10290 | Lair:4   | Slain by a four-headed hydra

Illustrated notes

Levels and vault maps discovered:
D:1:      eino_arrival_water_cross, layout_basic
D:2:      layout_loops_ring, serial_shops, nicolae_lakefront_shop, basic_altar,
          serial_bayou_ford_a, serial_park_tiny_pond
D:3:      layout_basic, serial_shops, shop, serial_bayou_lake_a
D:4:      layout_loops_cross, mainiacjoe_overflow_big_doors,
          eino_small_chamber_without_monster
D:5:      layout_basic, minmay_temple_entry_gardened_gates,
          lemuel_flamethrower_2
D:6:      layout_gridville, nicolae_overflow_hidden_temple,
          okawaru_ov_weapons_minmay, trog_ov_bears_minmay, serial_shops,
          shop_fountains
D:7:      layout_basic, mainiacjoe_overflow_alcove_1, serial_shops,
          nicolae_shop_stone, ebering_ghost_gozag, serial_park_tiny_1
D:8:      layout_loops_ring, tgw_kikubaaqudgha, kennysheep_mini, serial_rivers,
          chequers_serial_rivers_room_a, chequers_serial_rivers_micro_b,
          chequers_serial_rivers_micro_c, chequers_serial_rivers_room_b,
          nicolae_benzene_ring, grunt_ministairs_1, nicolae_shop_gadgets
D:9:      layout_rooms, dpeg_oklobed_lair, serial_corexii_hall,
          chequers_hall_statues_wall_a, chequers_hall_statues_y,
          ebering_dispersal_statue_hall, minivault_15
D:10:     layout_gridville, mainiacjoe_overflow_concentric_impassable,
          david_orc_4, uniq_josephine
Temple:   hellmonk_temple_divided_pantheon
Lair:1:   layout_gridlike, serial_bayou_shore_a, lemuel_fruit_tree,
          lemuel_fruit_fields
Lair:2:   layout_chaotic_city, grunt_megastairs_5
Lair:3:   layout_regular_city, swamp_mist_pool, spider_nest_entry_a,
          kennysheep_rathole
Lair:4:   beast_lair_carwin_large_3, layout_gridlike, ebering_ghost_inner_flame,
          serial_bayou_shore_b

Skill      XL: |  1  2  3  4  5  6  7  8  9 10 11 12 |
---------------+-------------------------------------+-----
Fire Magic     | 4 5 6 7 8 9 10 11 | 11.5
Spellcasting   | 3 4 5 7 8 9 11 12 | 12.3
Conjurations   | 2 3 4 5 6 7 8 |  8.2
Poison Magic   | 1 3 5 7 |  7.4
Dodging        | 2 |  2.4
Fighting       | |  0.7
Stealth        | |  2.1

Action                     |  1- 3 |  4- 6 |  7- 9 | 10-12 || total
---------------------------+-------+-------+-------+-------++-------
  Melee: Whip              |     2 |       |       |       ||     2
         Staff             |       |     2 |     4 |     4 ||    10
         Punch             |       |       |     1 |       ||     1
   Cast: Foxfire           |    58 |    67 |   109 |   227 ||   461
         Scorch            |     8 |    11 |    46 |    50 ||   115
         Flame Wave        |       |       |     2 |    22 ||    24
         Olgreb's Toxic Ra |       |       |       |    39 ||    39
    Use: Scroll            |       |    14 |     2 |     8 ||    24
         Potion            |       |       |     1 |     1 ||     2
 Armour: Robe              |     5 |     2 |    19 |       ||    26
         Steam dragon scal |       |       |     5 |    59 ||    64
  Dodge: Dodged            |     8 |     2 |    19 |    44 ||    73

Table legend: (Time is in decaauts)
 A = Elapsed time spent in this place.
 B = Non-inter-level travel time spent in this place.
 C = Inter-level travel time spent in this place.
 D = Time resting spent in this place.
 E = Time spent auto-exploring this place.
 F = Levels seen in this place.
 G = Mean time per level.
                   A        B        C        D        E       F      G
               +--------+--------+--------+--------+--------+-----+--------+
         Total |  10375 |  10003 |    372 |    267 |   7850 |  15 |  691.7 |
       Dungeon |   7283 |   6979 |    304 |    267 |   5334 |  10 |  728.3 |
        Temple |     46 |     46 |      0 |      0 |      9 |   1 |   46.0 |
          Lair |   3044 |   2978 |     66 |      0 |   2507 |   4 |  761.0 |
               +--------+--------+--------+--------+--------+-----+--------+

Top non-repeatable levels by time:
     D:8: 1049 daAuts
  Lair:3: 1048 daAuts
     D:1: 960 daAuts
     D:4: 941 daAuts
  Lair:2: 939 daAuts
     D:5: 939 daAuts
  Lair:1: 831 daAuts
     D:9: 763 daAuts
     D:2: 747 daAuts
     D:6: 645 daAuts
     D:3: 623 daAuts
     D:7: 594 daAuts
  Lair:4: 224 daAuts
  Temple: 46 daAuts
    D:10: 19 daAuts
